cohdb
Replays
Latest Replays
All Replays
Popular Replays
Top Player Replays
Match Explorer
How It Works
Community
CoH3 Stats
Reddit
Sign in to upload your games and track your stats! →
Sign in with Steam
Match 42043382
Unlisted
Match 42043382
Overview
Messages
Build Orders
End
Panzergrenadier Squad
250 Light Carrier
Panzergrenadier Squad
Construct Light Support Kompanie
Combat Half-tracks
Fire Support Elements
Vehicle Survival Package
Veteran Squad Leaders
Flakvierling Half-track
Panzerjäger Mechanized Group
Flakvierling Half-track
Selects Panzerjäger Kommand Battlegroup
Selects Mine Fields
Selects Defensive Positions
Selects Butterfly Bomb Drop
Selects Tank Busters
Construct Panzerarmee Kommand
Rapid Advance
Emergency Repair Kits
Tungsten Core Ammunition
Selects Crew Shock Tactics
Panzer III L Medium Tank
Butterfly Bomb Drop
Panzerjäger Mechanized Group
Panzer III L Medium Tank
Panzerpioneer Squad
Selects Elefant Tank Destroyer
Butterfly Bomb Drop
Elefant Tank Destroyer
Panzer III L Medium Tank
Panzer III L Medium Tank
Panzer III L Medium Tank
Panzer III L Medium Tank
Butterfly Bomb Drop
MAZ Killer ju
JanusOhneJ
Insomniac
GЯдnd V.爪дs†ΣЯoV☭
0
0
Comments
sign in to comment!
No comments posted yet!